 Dungeon Crawl Stone Soup version 0.29.1-15-g9cfb28693d (webtiles) character file.

Game seed: 13805925112667604798

872 leafyfresh the Covert (level 8, -1/54 HPs)
             Began as an Octopode Delver on Feb 25, 2023.
             Was an Initiate of Ashenzari.
             Slain by a hornet (16 damage)
             ... on level 6 of the Dungeon.
             The game lasted 00:09:25 (6344 turns).

leafyfresh the Covert (Octopode Delver)             Turns: 6344, Time: 00:09:26

Health: -1/54      AC:  1    Str: 11    XL:     8   Next: 4%
Magic:  10/12      EV: 14    Int: 14    God:    Ashenzari [......]
Gold:   329        SH:  0    Dex: 14    Spells: 3/13 levels left

rFire   . . .      SeeInvis .   y - +0 trident (protect)
rCold   . . .      Faith    .   (no shield)
rNeg    . . .      Spirit   .   (helmet restricted)
rPois   .          Reflect  .   (no amulet)
rElec   .          Harm     .   (no ring)
rCorr   .          Rampage  .   (no ring)
Will    .....                   (no ring)
Stlth   +++++.....              (no ring)
HPRegen 0.18/turn               (no ring)
MPRegen 0.13/turn               (no ring)
                                (no ring)
                                (no ring)

@: lethally poisoned (-1 -> -17), slowed, very slow
A: almost no armour, amphibious, 8 rings, camouflage 1, gelatinous body 1,
(nimble swimmer 1), tentacles
a: Renounce Religion


You were on level 6 of the Dungeon.
You worshipped Ashenzari.
Ashenzari was noncommittal.
You visited 2 branches of the dungeon, and saw 7 of its levels.

You collected 329 gold pieces.

Inventory:

Hand Weapons
 a - a +0 short sword
 k - a +0 dagger of draining
 v - a +1 flail of venom
 y - a +0 trident of protection (weapon)
Armour
 G - an orb of mayhem
Magical Staves
 t - a staff of poison
Wands
 f - a wand of digging (3)
 g - a wand of charming (10)
 o - a wand of flame (4)
Scrolls
 b - a scroll of fog
 c - 2 scrolls of magic mapping
 d - a scroll of fear
 h - 4 scrolls of identify {unknown}
 j - 2 scrolls of blinking {unknown}
 p - a scroll of enchant armour {unknown}
 q - 3 scrolls of teleportation {unknown}
 w - a scroll of butterflies {unknown}
 D - a scroll of poison {unknown}
 F - a scroll of vulnerability {unknown}
Potions
 e - 2 potions of haste
 i - a potion of magic {unknown}
 l - a potion of attraction {unknown}
 m - a potion of lignification {unknown}
 n - 4 potions of curing {unknown}
 r - 2 potions of heal wounds {unknown}
 s - 2 potions of cancellation {unknown}
 u - a potion of ambrosia {unknown}
 x - 2 potions of invisibility {unknown}
 z - 2 potions of resistance {unknown}
 A - 2 potions of brilliance {unknown}
 B - a potion of flight {unknown}
 C - 2 potions of might {unknown}
 E - a potion of mutation {unknown}
 H - a potion of berserk rage {unknown}


   Skills:
 - Level 4.9 Fighting
 - Level 4.4 Short Blades
 - Level 4.3 Dodging
 - Level 8.7 Stealth
 - Level 3.1 Spellcasting
 + Level 0.0 Conjurations
 + Level 0.0 Poison Magic


You had 3 spell levels left.
You knew the following spells:

 Your Spells              Type           Power      Damage    Failure   Level
a - Mephitic Cloud        Conj/Pois/Air  2%         N/A       54%         3
b - Blade Hands           Tmut           1%         N/A       99%         5
c - Passwall              Tmut/Erth      1%         N/A       32%         2

Your spell library contained the following spells:

 Spells                   Type           Power      Damage    Failure   Level
 Magic Dart               Conj           8%         1d3       22%         1
 Sandblast                Erth           4%         2d4       22%         1
 Call Imp                 Summ           2%         N/A       32%         2
 Searing Ray              Conj           4%         2d4       32%         2
 Ignite Poison            Fire/Tmut/Pois 2%         N/A       54%         3
 Stone Arrow              Conj/Erth      4%         3d7       54%         3
 Fulminant Prism          Conj/Hex       1%         3d6       91%         4
 Summon Lightning Spire   Summ/Air       2%         N/A       91%         4
 Freezing Cloud           Conj/Ice/Air   1%         6-21      99%         5
 Iron Shot                Conj/Erth      1%         9d1       100%        6
 Storm Form               Tmut/Air       1%         N/A       100%        7
 Maxwell's Capacitive Co  Air            1%         ∞         100%        8
 Animate Armour           Summ/Erth      Unusable   N/A       N/A         4

Dungeon Overview and Level Annotations

Branches:
Dungeon (6/15)             Temple (1/1) D:4

Altars:
Ashenzari
Elyvilon
Fedhas
Okawaru
Ru
Sif Muna
Trog
Vehumet
Xom
Zin
The Shining One

Shops:
D:1 =   D:2 (


Innate Abilities, Weirdness & Mutations

You cannot wear most types of armour.
You are amphibious.
You can wear up to eight rings at the same time.
Your skin changes colour to match your surroundings (Stealth+).
Your rubbery body absorbs attacks. (AC +1, EV +1)
((You are camouflaged when in or above water. (Stealth+)))
You have tentacles for arms and can constrict up to eight enemies at once.


Message History

You hit the hornet but do no damage.
Your weapon exudes an aura of protection.
The hornet is lightly wounded.
You constrict the hornet.
The hornet struggles to escape constriction.
The hornet barely misses you.
You hit the hornet.
You squeeze the hornet, but do no damage.
The hornet is lightly wounded.
You constrict the hornet.
The hornet struggles to escape constriction.
The hornet escapes!
Unknown command.
You strike the helpless hornet from behind!
You hit the hornet. Your grab misses the hornet. You squeeze the hornet.
The hornet is heavily wounded.
The hornet seems less confused.
The hornet closely misses you.
An ogre comes into view. It is wielding a +0 giant club.
The hornet stings you!
You are poisoned.
You feel yourself slow down. The orc hits you with a +0 flail.
You barely miss the hornet. You grab the hornet.
The hornet is heavily wounded.
You constrict the hornet, but do no damage.
You feel very sick.
The hornet stings you but does no damage. x2
The orc hits you but does no damage. The hornet stings you!
You feel as though you will be slow longer.
The orc misses you.
You completely miss the hornet.
You squeeze the hornet, but do no damage.
The hornet is heavily wounded.
You constrict the hornet.
You feel sick. The hornet stings you!
* * * LOW HITPOINT WARNING * * *
You are lethally poisoned!
You feel as though you will be slow longer.
The hornet barely misses you. The orc closely misses you.
An adder comes into view.
The hornet stings you!
You die...

#..........
#.......)..
#..........
.#.#.#..........
....#:.O.......
#.#.#..........
#...#..........
#...#..@y......
#.#.#...o......
#.#.#..........
#.#.S.####.####
#.#.#.# .#
########...#.# #
#<.......#.#.#
##########....
###.#


You could see a hornet, an ogre, an adder (wandering) and an orc.

Vanquished Creatures
  2 ogres
  3 scorpions
  A howler monkey (D:4)
  A jelly (D:5)
  2 hounds (D:5)
  A gnoll bouda (D:4)
  An orc priest (D:5)
  2 iguanas
  An orc wizard (D:5)
  8 gnolls
  4 adders
  A shadow imp (D:3)
  An ufetubus (D:5)
  2 worms
  A dart slug (D:3)
  13 orcs
  2 bats (D:1)
  4 endoplasms
  3 giant cockroaches
  6 goblins
  A hobgoblin (D:4)
  3 jackals (D:2)
  9 quokkas
  6 ball pythons
  12 frilled lizards
  10 kobolds
  7 rats
107 creatures vanquished.

Vanquished Creatures (collateral kills)
  An iguana (D:5)
1 creature vanquished.

Vanquished Creatures (others)
  A fungus (D:5)
  15 plants
16 creatures vanquished.

Grand Total: 124 creatures vanquished

Notes
Turn   | Place    | Note
-------+----------+-------------------------------------------
     0 | D:5      | leafyfresh the Octopode Delver began the quest for the Orb.
     0 | D:5      | Reached XP level 1. HP: 16/16 MP: 1/1
    28 | D:5      | Noticed an iguana
    38 | D:5      | Killed an iguana
    39 | D:5      | Reached XP level 2. HP: 11/21 MP: 2/2
    39 | D:5      | Reached XP level 3. HP: 14/26 MP: 3/3
   270 | D:5      | Found a glowing golden altar of the Shining One.
   273 | D:5      | Found a blossoming altar of Fedhas.
   284 | D:5      | Reached skill level 7 in Stealth
   290 | D:5      | Reached XP level 4. HP: 25/31 MP: 4/4
   443 | D:5      | Noticed a scorpion
   451 | D:5      | Killed a scorpion
   452 | D:5      | Reached XP level 5. HP: 35/37 MP: 5/5
   633 | D:5      | Found a broken altar of Ashenzari.
   633 | D:5      | Noticed an ogre
   644 | D:5      | Killed an ogre
   645 | D:5      | Reached XP level 6. HP: 43/43 MP: 6/6
   650 | D:5      | Reached skill level 8 in Stealth
  1221 | D:5      | Reached XP level 7. HP: 49/49 MP: 7/7
  1222 | D:5      | Found a radiant altar of Vehumet.
  1985 | D:4      | Found a staircase to the Ecumenical Temple.
  1994 | Temple   | Entered the Ecumenical Temple
  2869 | D:3      | Reached skill level 1 in Spellcasting
  3685 | D:3      | Found a bloodstained altar of Trog.
  3845 | D:3      | Found a faded altar of an unknown god.
  4072 | D:2      | Reached XP level 8. HP: 25/54 MP: 12/12
  4387 | D:2      | Found Daumey's Weapon Shop.
  5289 | D:1      | Found Acaufyk's Jewellery Emporium.
  5586 | D:1      | You fall into a shaft and drop 1 floor!
  6259 | D:5      | Became a worshipper of Ashenzari the Shackled
  6313 | D:5      | Learned a level 3 spell: Mephitic Cloud
  6319 | D:5      | Learned a level 5 spell: Blade Hands
  6322 | D:5      | Learned a level 2 spell: Passwall
  6332 | D:6      | Noticed a hornet
  6344 | D:6      | Slain by a hornet

Illustrated notes

Levels and vault maps discovered:
D:1:      mushboom_english_gardens, layout_loops_corners, serial_shops,
          nicolae_shop_trees, minmay_lizard_pond
D:2:      layout_basic, serial_shops, nicolae_shop_crystal, minivault_24,
          lexackson_kobold_supper
D:3:      layout_rooms, lightli_temple_of_fire,
          hellmonk_ecumenical_altar_defaced_shrine
D:4:      layout_loops_ring, minmay_temple_entry_offerings,
          guppyfry_early_lair_pool
D:5:      layout_rooms, vehumet_altar_wand_db, evilmike_ruin_ashenzari,
          fedhas_altar_3, general_overflow_altar
D:6:      layout_basic, chequers_arboretum
Temple:   hellmonk_temple_micro_hex

Skill      XL: |  1  2  3  4  5  6  7  8 |
---------------+-------------------------+-----
Stealth        | 7 8 |  8.7
Short Blades   | 3 4 |  4.4
Dodging        | 3 4 |  4.3
Fighting       | 4 |  4.9
Spellcasting   | 2 3 |  3.1

Action                   |  1- 3 |  4- 6 |  7- 9 || total
-------------------------+-------+-------+-------++-------
Melee: Short sword       |    10 |     6 |       ||    16
       Tentacles         |     4 |    14 |    46 ||    64
       Constrict         |     3 |     8 |    48 ||    59
       Dagger            |       |    42 |    69 ||   111
       Flail             |       |       |    78 ||    78
       Punch             |       |       |     1 ||     1
       Trident           |       |       |    17 ||    17
 Cast: Mephitic Cloud    |       |       |     1 ||     1
Evoke: Wand              |     1 |       |     1 ||     2
 Stab: Sleeping          |     1 |     2 |    15 ||    18
       Confused          |       |       |     2 ||     2
Armor: Skin              |     1 |     2 |    12 ||    15
Dodge: Dodged            |    10 |    29 |   126 ||   165
